 Dungeon Crawl Stone Soup version 0.29-a0-322-g68df515428 (webtiles) character file.

Game seed: 9878504815844530999

427 HotDog the Chopper (level 6, -8/53 HPs)
             Began as a Hill Orc Fighter on Apr 6, 2022.
             Mangled by a black bear (11 damage)
             ... on level 4 of the Dungeon.
             The game lasted 00:04:10 (4392 turns).

HotDog the Chopper (Hill Orc Fighter)               Turns: 4392, Time: 00:04:12

Health: -8/53      AC:  7    Str: 21    XL:     6   Next: 97%
Magic:  7/7        EV:  9    Int:  8    God:
Gold:   212        SH:  4    Dex: 10    Spells: 5/5 levels left

rFire   . . .      SeeInvis .   a - +0 war axe
rCold   . . .      Faith    .   c - +0 buckler
rNeg    . . .      Spirit   .   b - +0 scale mail
rPois   .          Reflect  .   (no helmet)
rElec   .          Harm     .   (no cloak)
rCorr   .          Rampage  .   (no gloves)
Will    .....                   (no boots)
Stlth   ..........              (no amulet)
HPRegen 0.17/turn               (no ring)
MPRegen 0.10/turn               (no ring)

@: no status effects
A: no striking features
a: no special abilities


You were on level 4 of the Dungeon.
You visited 1 branch of the dungeon, and saw 4 of its levels.

You collected 212 gold pieces.

Inventory:

Hand Weapons
 a - a +0 war axe (weapon)
Armour
 b - a +0 scale mail (worn)
 c - a +0 buckler (worn)
Wands
 j - a wand of iceblast (3)
Scrolls
 g - 3 scrolls of identify {unknown}
 i - a scroll of fear {unknown}
 l - a scroll of blinking {unknown}
 n - a scroll of teleportation {unknown}
 q - a scroll of summoning {unknown}
 r - a scroll of fog {unknown}
Potions
 d - 2 potions of might
 e - a potion of degeneration {unknown}
 f - 3 potions of attraction {unknown}
 h - 3 potions of curing
 k - a potion of heal wounds {unknown}
 m - a potion of berserk rage {unknown}
 o - a potion of ambrosia {unknown}
 p - a potion of invisibility {unknown}


   Skills:
 * Level 4.7 Fighting
 * Level 5.8 Axes
 * Level 4.8 Armour
 * Level 1.5 Dodging
 * Level 4.0 Shields
 * Level 2.5 Invocations


You had 5 spell levels left.
You didn't know any spells.
Your spell library was empty.

Dungeon Overview and Level Annotations

Branches:
Dungeon (4/15)
 Temple: D:4-7

Altars:


Message History

Unknown command.
You hit the black bear but do no damage.
The black bear is severely wounded.
You closely miss the hound. The hound bites you. The black bear bites you!
The black bear claws you but does no damage. x2
The hound bites you. The black bear bites you. The black bear claws you.
* * * LOW HITPOINT WARNING * * *
The black bear claws you.
* * * LOW HITPOINT WARNING * * *
You hit the black bear.
The black bear is severely wounded.
You closely miss the hound. The hound closely misses you.
The black bear goes berserk!
The hound bites you but does no damage.
You hit the black bear but do no damage.
The black bear is severely wounded.
You hit the hound but do no damage. You block the black bear's attack.
The black bear closely misses you. The black bear barely misses you.
The hound bites you.
* * * LOW HITPOINT WARNING * * *
The hound closely misses you.
The black bear bites you but does no damage.
The black bear claws you but does no damage.
The black bear claws you.
* * * LOW HITPOINT WARNING * * *
Okay, then.
Okay, then.
It was a potion of curing.
You feel better.
The black bear bites you but does no damage.
The black bear claws you but does no damage.
The black bear claws you.
* * * LOW HITPOINT WARNING * * *
The hound bites you but does no damage.
You feel better. You block the black bear's attack.
The black bear claws you but does no damage.
The black bear claws you.
* * * LOW HITPOINT WARNING * * *
The hound bites you.
* * * LOW HITPOINT WARNING * * *
The black bear bites you!
You die...

...........#....#.....#..
.......##.###....#...#...
...............######.>..
.....#..........# ##.#
#.##.......##...# ##
#.#......###...##
........#.##....
........h.......
#......@h##....
.......)....#..
...............
...............
.....#..#......
.....#..#....##
........##..## .#.. ..##
###


You could see a black bear (berserk) and a hound.

Vanquished Creatures
  A black bear (D:3)
  2 scorpions
  Jessica (D:3)
  2 iguanas (D:4)
  Terence (D:3)
  5 adders
  A worm (D:3)
  A dart slug (D:1)
  7 ball pythons
  7 endoplasms
  2 giant cockroaches
  2 hobgoblins
  7 jackals (D:2)
  6 quokkas
  3 bats
  2 frilled lizards
  8 goblins
  4 kobolds
  4 rats
66 creatures vanquished.

Vanquished Creatures (others)
  4 fungi (D:2)
4 creatures vanquished.

Grand Total: 70 creatures vanquished

Notes
Turn   | Place    | Note
-------+----------+-------------------------------------------
     0 | D:1      | HotDog the Hill Orc Fighter began the quest for the Orb.
     0 | D:1      | Reached XP level 1. HP: 19/19 MP: 1/1
    99 | D:1      | You fall into a shaft and drop 1 floor!
   134 | D:2      | Reached XP level 2. HP: 27/27 MP: 2/2
   210 | D:1      | Reached skill level 3 in Axes
  1039 | D:2      | Reached XP level 3. HP: 33/33 MP: 3/3
  1040 | D:2      | Reached skill level 1 in Invocations
  1566 | D:2      | Noticed a scorpion
  1572 | D:2      | Killed a scorpion
  1573 | D:2      | Reached skill level 4 in Axes
  1573 | D:2      | Reached skill level 1 in Dodging
  1573 | D:2      | Reached XP level 4. HP: 25/40 MP: 3/5
  2254 | D:2      | Found a faded altar of an unknown god.
  2293 | D:3      | Reached XP level 5. HP: 47/47 MP: 6/6
  2967 | D:3      | Noticed a black bear
  2977 | D:3      | Killed a black bear
  2978 | D:3      | Reached skill level 5 in Axes
  2978 | D:3      | Reached XP level 6. HP: 25/53 MP: 7/7
  3368 | D:3      | Noticed Terence
  3375 | D:3      | Killed Terence
  3779 | D:3      | Noticed Jessica
  3783 | D:3      | Killed Jessica
  4377 | D:4      | Noticed a black bear
  4390 | D:4      | HP: 1/53 [black bear (5)]
  4392 | D:4      | Mangled by a black bear

Illustrated notes

Levels and vault maps discovered:
D:1:      nzn_arrival_depleted_hourglass, layout_basic, minmay_misc_feat_five,
          dreamdust_princess_bridge, minmay_pentomino_r2
D:2:      layout_basic, shapermc_ecumenical_altar_petra
D:3:      layout_loops_corners, eino_tiny_chamber, kennysheep_jessica_study,
          uniq_terence
D:4:      layout_cave_pools, minitemple, uniq_edmund

Skill      XL: |  1  2  3  4  5  6 |
---------------+-------------------+-----
Axes           | 3 4 5 |  5.8
Fighting       | 4 |  4.7
Invocations    | 1 2 |  2.5
Dodging        | 1 |  1.5
Armour         | 4 |  4.8
Shields        | 4 |  4.0

Action                   |  1- 3 |  4- 6 || total
-------------------------+-------+-------++-------
Melee: War axe           |    85 |   112 ||   197
  Use: Scroll            |     1 |       ||     1
       Potion            |       |     2 ||     2
Armor: Scale mail        |    51 |    64 ||   115
Dodge: Dodged            |    44 |    58 ||   102
Block: Buckler           |    22 |    43 ||    65

Table legend: (Time is in decaauts)
 A = Elapsed time spent in this place.
 B = Non-inter-level travel time spent in this place.
 C = Inter-level travel time spent in this place.
 D = Time resting spent in this place.
 E = Time spent auto-exploring this place.
 F = Levels seen in this place.
 G = Mean time per level.
                   A        B        C        D        E       F      G
               +--------+--------+--------+--------+--------+-----+--------+
         Total |   4455 |   4370 |     85 |    914 |   2963 |   4 | 1113.8 |
       Dungeon |   4455 |   4370 |     85 |    914 |   2963 |   4 | 1113.8 |
               +--------+--------+--------+--------+--------+-----+--------+

Top non-repeatable levels by time:
     D:3: 1751 daAuts
     D:2: 1481 daAuts
     D:1: 844 daAuts
     D:4: 378 daAuts
